cohdb
Replays
Latest Replays
All Replays
Popular Replays
Top Player Replays
Match Explorer
How It Works
Community
CoH3 Stats
Reddit
Sign in to upload your games and track your stats! →
Sign in with Steam
Match 39545437
Unlisted
Match 39545437
Overview
Messages
Build Orders
End
Royal Engineer Section
Selects Canadian Shock Battlegroup
Construct Section Command Post
Infantry Section
Infantry Section
Selects Offensive Resupply
Selects Canadian Shock Section
Selects Attacking Spirit
Selects Canadian Shock Section
ML 3-inch Mortar Team
Canadian Shock Section
Grenade Package
Construct Platoon Command Post
Selects Incendiary Munitions
Selects Incendiary Munitions
Construct Company Command Post
6-pounder Anti-tank Gun Team
Construct Company Command Post
Crusader II Medium Tank
Selects Point Assault
Selects Pyrotechnics
Crusader II Medium Tank
Royal Engineer Section
Crusader II Medium Tank
Armored Vehicle Training
BIOHAZARD
=BIA=Daghito
demenza058
Giovanni
LordMaceWick
AverageSexGuy
Adonis_Brownington
Into Gold
0
0
Comments
sign in to comment!
No comments posted yet!